[Event "November 21 Late 2023"]
[Site "https://www.chess.com"]
[Date "2023.11.21"]
[Round "9"]
[White "Kuegel, Tobias"]
[Black "BardArtem"]
[Result "0-1"]
[Board "42"]
[TimeControl "180+1"]
[WhiteFideId "4636295"]
[WhiteElo "2213"]
[BlackElo "2772"]
[WhiteTeam "GER"]
[WhiteClock "0:00:03"]
[BlackClock "0:00:45"]

1. e4 e5 2. Nf3 Nc6 3. Bb5 Nge7 4. Nc3 Ng6 5. d4 exd4 6. Nxd4 Bc5 7. Be3 Bb6 8. Qd2 O-O 9. O-O-O Nxd4 10. Bxd4 Bxd4 11. Qxd4 d6 12. g3 a6 13. Be2 f5 14. f4 fxe4 15. Bc4+ Kh8 16. Nxe4 Bf5 17. Ng5 Qf6 18. Qd5 h6 19. h4 Rae8 20. Nf7+ Kh7 21. Ng5+ Kh8 22. Rhe1 Rxe1 23. Rxe1 c6 24. Qh1 d5 25. Bd3 Bxd3 26. cxd3 Kg8 27. Nf3 Ne7 28. Ne5 Qd6 29. Qg1 Nf5 30. a3 d4 31. Nc4 Qd5 32. Re5 Qf3 33. g4 Qxf4+ 34. Kb1 Ne3 35. Re4 Qf1+ 36. Qxf1 Rxf1+ 37. Ka2 Nxc4 38. dxc4 c5 39. Re5 b6 40. Re6 Rf4 41. Re8+ Kh7 42. Rb8 Rxg4 43. h5 d3 44. Rxb6 d2 45. Rd6 Rd4 0-1

[Event "November 21 Late 2023"]
[Site "https://www.chess.com"]
[Date "2023.11.21"]
[Round "9"]
[White "Hambleton, Aman"]
[Black "Przybylski, Wojciech"]
[Result "1-0"]
[Board "43"]
[TimeControl "180+1"]
[WhiteFideId "2606577"]
[BlackFideId "1117599"]
[WhiteElo "2511"]
[BlackElo "2203"]
[WhiteTeam "CAN"]
[BlackTeam "POL"]
[WhiteClock "0:00:04"]
[BlackClock "0:00:07"]

1. d4 d5 2. Bf4 Nf6 3. e3 e6 4. Nd2 Bd6 5. Ngf3 Bxf4 6. exf4 O-O 7. Bd3 Nbd7 8. O-O c5 9. c3 b6 10. Re1 a5 11. g3 Ba6 12. Bc2 Rc8 13. Kg2 Re8 14. Rc1 Rc7 15. a3 Qa8 16. Bb1 Rec8 17. h4 cxd4 18. Nxd4 Nc5 19. N2f3 Nce4 20. Ne5 g6 21. f3 Nd6 22. Qd2 Nc4 23. Qf2 Nh5 24. g4 Nf6 25. h5 b5 26. Rh1 Kf8 27. hxg6 hxg6 28. Qh4 Ng8 29. Nxg6+ fxg6 30. Nxe6+ Ke8 31. Bxg6+ Kd7 32. Nd4 Kd6 33. Rce1 Rg7 34. Nf5+ Kc7 35. Nxg7 Qc6 36. Ne6+ Kb8 37. Nd4 Qxg6 38. Qg5 Qf7 39. Qf5 Qc7 40. Rh7 Qd6 41. Re6 Qc5 42. b4 Qf8 43. Qxf8 Rxf8 44. Rxa6 Nf6 45. Nc6+ Kc8 46. Ra8# 1-0

[Event "November 21 Late 2023"]
[Site "https://www.chess.com"]
[Date "2023.11.21"]
[Round "9"]
[White "Vlassov, Nikolai"]
[Black "Pourkashiyan, Atousa"]
[Result "1-0"]
[Board "44"]
[TimeControl "180+1"]
[WhiteFideId "4103360"]
[BlackFideId "12502014"]
[WhiteElo "2324"]
[BlackElo "2221"]
[WhiteTeam "FID"]
[BlackTeam "USA"]
[WhiteClock "0:01:05"]
[BlackClock "0:00:16"]

1. e4 c5 2. c3 Nf6 3. e5 Nd5 4. d4 e6 5. c4 Nb6 6. dxc5 Bxc5 7. Qg4 Bb4+ 8. Bd2 Bxd2+ 9. Nxd2 O-O 10. Ngf3 d5 11. Bd3 h6 12. O-O-O Nc6 13. h4 Qc7 14. Rde1 dxc4 15. Bb1 Nb4 16. Rh3 Nd3+ 17. Bxd3 cxd3+ 18. Kb1 Qc2+ 19. Ka1 Na4 20. Rb1 f5 21. exf6 Rxf6 22. Rg3 Rf7 23. Ne5 Rc7 24. Rxd3 Bd7 25. Rxd7 Rxd7 26. Qxe6+ Kh7 27. Qxd7 Nb6 28. Qd4 Rc8 29. Qe4+ Qxe4 30. Nxe4 Nd5 31. Rd1 Nb4 32. a3 Na6 33. Rd7 Rc1+ 34. Ka2 Re1 35. Nf6+ 1-0

[Event "November 21 Late 2023"]
[Site "https://www.chess.com"]
[Date "2023.11.21"]
[Round "9"]
[White "Ambartsumova, Karina"]
[Black "Ongut, Tamas Gunes"]
[Result "1-0"]
[Board "45"]
[TimeControl "180+1"]
[WhiteFideId "4166299"]
[BlackFideId "770280"]
[WhiteElo "2240"]
[BlackElo "2148"]
[WhiteTeam "RUS"]
[BlackTeam "HUN"]
[WhiteClock "0:01:09"]
[BlackClock "0:01:33"]

1. d4 d5 2. c4 e6 3. Nc3 h6 4. Nf3 a6 5. g3 dxc4 6. Bg2 Nc6 7. O-O Rb8 8. e4 b5 9. d5 Nce7 10. Ne5 Nf6 11. Be3 Bb7 12. dxe6 fxe6 13. Qc2 Nc6 14. Rad1 Nxe5 15. Rxd8+ Rxd8 16. Bf4 Nd3 17. Bxc7 Rd7 18. Bb6 Bb4 19. a4 O-O 20. axb5 Bxc3 21. bxa6 Bxb2 22. axb7 Rxb7 23. Be3 Ng4 24. Qxc4 Nxe3 25. fxe3 Kh8 26. Rxf8+ 1-0

[Event "November 21 Late 2023"]
[Site "https://www.chess.com"]
[Date "2023.11.21"]
[Round "9"]
[White "Reprintsev, Alexander"]
[Black "elmusmolamas"]
[Result "0-1"]
[Board "46"]
[TimeControl "180+1"]
[WhiteFideId "14100541"]
[WhiteElo "2229"]
[BlackElo "2584"]
[WhiteTeam "UKR"]
[WhiteClock "0:00:00"]
[BlackClock "0:00:05"]

1. e4 e6 2. d4 d5 3. Nc3 dxe4 4. Nxe4 Nf6 5. Nxf6+ gxf6 6. Ne2 b6 7. Nc3 Bb7 8. Be3 f5 9. Qh5 Nd7 10. O-O-O Nf6 11. Qh3 Nd5 12. Bb5+ c6 13. Nxd5 cxb5 14. Nf4 Bd5 15. Kb1 Qd6 16. Nxd5 Qxd5 17. g4 fxg4 18. Qxg4 h5 19. Qe2 O-O-O 20. Rhg1 Be7 21. Rg7 Rdf8 22. Rdg1 Bf6 23. R7g5 Bxg5 24. Rxg5 f5 25. Bf4 Rhg8 26. h4 Rxg5 27. hxg5 h4 28. b3 Qe4 29. Qd2 Kb7 30. Be5 h3 31. g6 h2 32. Bxh2 Qh1+ 33. Kb2 Qxh2 34. Qg5 Qc7 35. Qg2+ Ka6 36. a4 bxa4 37. bxa4 Rc8 38. Qf1+ Qc4 39. Qd1 Qc3+ 40. Kb1 Qb4+ 41. Kc1 Qa3+ 42. Kb1 Qb4+ 43. Kc1 Qc4 44. g7 Rg8 45. Qg1 Qxd4 46. Qf1+ Kb7 47. Qg2+ Qe4 48. Qg6 Ka6 49. Qf7 Qe1+ 50. Kb2 Qe5+ 51. Kc1 Rxg7 52. Qe8 Qe1+ 53. Kb2 Qb4+ 54. Kc1 Rc7 55. Qxe6 Qf4+ 0-1

[Event "November 21 Late 2023"]
[Site "https://www.chess.com"]
[Date "2023.11.21"]
[Round "9"]
[White "Gurevich, Dmitry"]
[Black "aghasiyevkamal"]
[Result "1-0"]
[Board "47"]
[TimeControl "180+1"]
[WhiteFideId "2000407"]
[WhiteElo "2506"]
[BlackElo "2582"]
[WhiteTeam "USA"]
[WhiteClock "0:00:24"]
[BlackClock "0:00:02"]

1. d4 Nf6 2. c4 c5 3. Nf3 e6 4. d5 b5 5. dxe6 fxe6 6. cxb5 a6 7. bxa6 Bxa6 8. g3 d5 9. Bg2 Bd6 10. O-O O-O 11. b3 Ne4 12. Bb2 Nc6 13. Nbd2 Nf6 14. Re1 e5 15. e4 d4 16. Bf1 Bxf1 17. Rxf1 Qd7 18. Kg2 Qb7 19. Qe2 Na5 20. Rfe1 Kh8 21. Rac1 Nc6 22. a3 Na5 23. Qd3 Rab8 24. b4 cxb4 25. axb4 Qxb4 26. Ra1 Qb5 27. Qxb5 Rxb5 28. Ba3 Bxa3 29. Rxa3 h6 30. Rc1 Nb7 31. Ra7 Nd6 32. Rcc7 Ndxe4 33. Nxe4 Nxe4 34. Rxg7 Rf6 35. Rge7 Rb8 36. Rxe5 Rbf8 37. Rxe4 Rxf3 38. Re2 d3 39. Rd2 R8f6 40. Rd7 1-0

[Event "November 21 Late 2023"]
[Site "https://www.chess.com"]
[Date "2023.11.21"]
[Round "9"]
[White "GatoRojo150"]
[Black "YouShallNotPass001"]
[Result "1-0"]
[Board "48"]
[TimeControl "180+1"]
[WhiteElo "2580"]
[BlackElo "2455"]
[WhiteClock "0:00:12"]
[BlackClock "0:00:18"]

1. e4 c5 2. Nf3 g6 3. Nc3 Bg7 4. Bc4 Nc6 5. O-O e6 6. d4 cxd4 7. Nb5 a6 8. Nd6+ Kf8 9. Ng5 Nh6 10. f4 f6 11. Bb3 Qe7 12. Nxc8 Rxc8 13. Nf3 Qc5 14. Kh1 Nf7 15. f5 exf5 16. exf5 g5 17. Nd2 d5 18. Qh5 Nfe5 19. Nf3 Nxf3 20. Rxf3 Re8 21. Bd2 Ne5 22. Re1 Re7 23. Rff1 h6 24. a3 a5 25. h3 b6 26. Qd1 Rh7 27. Ba2 Bh8 28. b4 Qc7 29. bxa5 bxa5 30. Qb1 Nc4 31. Bc1 Rxe1 32. Rxe1 Re7 33. Rg1 Bg7 34. Qb5 Re5 35. Bb2 Kg8 36. Bxd4 Rxf5 37. Qe8+ Bf8 38. Qg6+ Bg7 39. Qxf5 Nd2 40. Qxd5+ Kh7 41. Bxf6 Bxf6 42. Qxd2 Qe5 43. Qd3+ Kg7 44. Qd5 Qf4 45. Qg8# 1-0

[Event "November 21 Late 2023"]
[Site "https://www.chess.com"]
[Date "2023.11.21"]
[Round "9"]
[White "Janaszak, Dawid"]
[Black "VitaliyChayka"]
[Result "1-0"]
[Board "49"]
[TimeControl "180+1"]
[WhiteFideId "1119206"]
[WhiteElo "2218"]
[BlackElo "2453"]
[WhiteTeam "POL"]
[WhiteClock "0:00:12"]
[BlackClock "0:00:00"]

1. e4 d6 2. Nc3 Nf6 3. f4 c5 4. Bc4 e6 5. Nf3 Be7 6. O-O O-O 7. Bb3 Nc6 8. d3 Nd4 9. Nxd4 cxd4 10. Ne2 Qb6 11. Kh1 Bd7 12. Qe1 a5 13. a3 a4 14. Ba2 Rac8 15. Bb1 e5 16. fxe5 dxe5 17. Qg3 Qb5 18. c3 dxc3 19. Nxc3 Qa5 20. Bd2 Qb6 21. Qxe5 Rfe8 22. Qg3 Qxb2 23. Ra2 Qb3 24. Bc2 Qe6 25. Rb2 Bxa3 26. Rxb7 Bc6 27. Rb6 Bc5 28. Ra6 Ra8 29. Rxc6 Qxc6 30. e5 Nd5 31. Ne4 Bf8 32. Bb1 a3 33. Ba2 Red8 34. Ng5 Ra7 35. Qf3 h6 36. Nxf7 Rad7 37. Bc4 Kh7 38. h3 a2 39. Bxa2 Qc2 40. Qe4+ Kg8 41. Nxd8 Qxa2 42. Ne6 1-0

[Event "November 21 Late 2023"]
[Site "https://www.chess.com"]
[Date "2023.11.21"]
[Round "9"]
[White "Rios Escobar, Adan"]
[Black "Deng, Henry"]
[Result "1-0"]
[Board "50"]
[TimeControl "180+1"]
[WhiteFideId "3403645"]
[BlackFideId "30965454"]
[WhiteElo "2421"]
[BlackElo "2564"]
[WhiteTeam "CHI"]
[BlackTeam "USA"]
[WhiteClock "0:00:13"]
[BlackClock "0:00:09"]

1. Nf3 d5 2. e3 Nf6 3. c4 c6 4. Nc3 Nbd7 5. cxd5 cxd5 6. b4 e5 7. Qb3 e4 8. Nd4 Ne5 9. Bb5+ Bd7 10. Nxd5 Bxb5 11. Nxb5 Nd3+ 12. Ke2 Nxd5 13. Qxd5 Qxd5 14. Nc7+ Kd7 15. Nxd5 Nxb4 16. Nxb4 Bxb4 17. Rb1 a5 18. a3 Bc5 19. Rxb7+ Ke6 20. Rb5 Rhc8 21. h4 a4 22. h5 h6 23. Rh4 f5 24. g4 Rab8 25. gxf5+ Kxf5 26. Rf4+ Ke5 27. Bb2+ Kd5 28. Rxb8 Rxb8 29. Bxg7 Bxa3 30. f3 exf3+ 31. Kxf3 Bb4 32. Bxh6 a3 33. Bg7 Bd6 34. Ra4 Ke6 35. h6 Kf7 36. Ra7+ Kg8 37. Bd4 Rf8+ 38. Ke4 Rf7 39. Rxf7 Kxf7 40. h7 a2 41. h8=Q a1=Q 42. Qg7+ Ke6 43. Bxa1 Be7 44. Qg6+ Kd7 45. Qf5+ Kd8 46. Kd5 Ke8 47. Ke6 Kd8 48. Qd5+ Ke8 49. Qd7+ Kf8 50. Qxe7+ Kg8 51. Qg7# 1-0

[Event "November 21 Late 2023"]
[Site "https://www.chess.com"]
[Date "2023.11.21"]
[Round "9"]
[White "Erzhanov, Arman"]
[Black "jactorres"]
[Result "0-1"]
[Board "51"]
[TimeControl "180+1"]
[WhiteFideId "4138821"]
[WhiteElo "2171"]
[BlackElo "2449"]
[WhiteTeam "KAZ"]
[WhiteClock "0:00:57"]
[BlackClock "0:01:28"]

1. e4 c6 2. d4 d5 3. exd5 cxd5 4. Bd3 Nc6 5. c3 Nf6 6. h3 e5 7. dxe5 Nxe5 8. Nf3 Nxd3+ 9. Qxd3 Bc5 10. O-O O-O 11. Bg5 h6 12. Bxf6 Qxf6 13. Qxd5 Bb6 14. Nbd2 Be6 15. Qh5 Qf4 16. Qh4 Qf5 17. Rae1 Rad8 18. Re5 Qc2 19. Ne4 Rd1 20. Rxd1 Qxd1+ 21. Kh2 Bc7 22. Qg3 f6 23. Rxe6 Bxg3+ 24. fxg3 Qd5 25. Re7 Rf7 26. Re8+ Kh7 27. a3 Qc6 0-1

[Event "November 21 Late 2023"]
[Site "https://www.chess.com"]
[Date "2023.11.21"]
[Round "9"]
[White "TheAlienParty"]
[Black "ciutadella"]
[Result "1/2-1/2"]
[Board "52"]
[TimeControl "180+1"]
[WhiteElo "2407"]
[BlackElo "2542"]
[WhiteClock "0:01:08"]
[BlackClock "0:00:07"]

1. c4 e6 2. d4 d5 3. cxd5 exd5 4. Nc3 c6 5. Bf4 Bd6 6. Bxd6 Qxd6 7. Nf3 Bf5 8. e3 Nd7 9. Be2 Ngf6 10. O-O O-O 11. Rc1 Rfe8 12. h3 h6 13. a3 a5 14. Na4 Ne4 15. Bd3 b5 16. Nc3 Nxc3 17. Rxc3 Bxd3 18. Qxd3 a4 19. Rfc1 Rec8 20. Qc2 Ra6 21. g3 Qe6 22. Kg2 Nf6 23. Ne5 Ne4 24. Rxc6 Raxc6 25. Nxc6 Kh8 26. f3 Ng5 27. g4 Qxe3 28. Qf5 Qd2+ 29. Kg3 Re8 30. Rc2 Qe1+ 31. Kg2 Re3 32. Ne5 Re2+ 33. Rxe2 Qxe2+ 34. Kg3 Qe1+ 35. Kg2 Qd2+ 36. Kg3 Qe1+ 37. Kg2 Qd2+ 38. Kg3 Qe1+ 1/2-1/2

[Event "November 21 Late 2023"]
[Site "https://www.chess.com"]
[Date "2023.11.21"]
[Round "9"]
[White "Hajiyev, Kanan"]
[Black "Zampronha, Wladimir Camilo"]
[Result "1-0"]
[Board "53"]
[TimeControl "180+1"]
[WhiteFideId "13404148"]
[BlackFideId "2103087"]
[WhiteElo "2102"]
[BlackElo "2055"]
[WhiteTeam "AZE"]
[BlackTeam "BRA"]
[WhiteClock "0:00:58"]
[BlackClock "0:00:28"]

1. d4 Nf6 2. Nf3 e6 3. c4 b6 4. Nc3 Bb4 5. Qb3 a5 6. g3 Bb7 7. Bg2 Ne4 8. O-O O-O 9. Nxe4 Bxe4 10. a3 Be7 11. Qe3 Bb7 12. b3 d6 13. Bb2 Nd7 14. Qc3 Bf6 15. Qc2 Rb8 16. b4 axb4 17. axb4 e5 18. Rfd1 Bxf3 19. Bxf3 exd4 20. Bxd4 Bxd4 21. Rxd4 Ne5 22. Bg2 Qf6 23. e3 c5 24. Rdd1 Rfd8 25. b5 h6 26. Ra7 Rd7 27. Ra6 Qe6 28. Bd5 Qh3 29. Qe4 Re7 30. Qg2 Qf5 31. e4 Qf6 32. f4 Ng4 33. Qe2 Qc3 34. Qxg4 Qc2 35. Qf3 Kh8 36. Qd3 1-0

[Event "November 21 Late 2023"]
[Site "https://www.chess.com"]
[Date "2023.11.21"]
[Round "9"]
[White "MKlose11"]
[Black "Rodriguez Dominguez, Melissa"]
[Result "1-0"]
[Board "54"]
[TimeControl "180+1"]
[BlackFideId "3517560"]
[WhiteElo "2633"]
[BlackElo "2012"]
[BlackTeam "CUB"]
[WhiteClock "0:01:29"]
[BlackClock "0:00:28"]

1. e4 c5 2. Nc3 a6 3. g3 b5 4. d3 Bb7 5. Bg2 Nf6 6. Nh3 b4 7. Ne2 e5 8. O-O Be7 9. f4 Nc6 10. fxe5 Nxe5 11. Ng5 O-O 12. Nf3 Nxf3+ 13. Bxf3 d5 14. exd5 Bxd5 15. Nf4 Bxf3 16. Qxf3 Rc8 17. Be3 c4 18. d4 c3 19. b3 Bd6 20. Nd3 Nd7 21. Qb7 a5 22. Rae1 Qc7 23. Qf3 Nb6 24. Re2 a4 25. Rfe1 axb3 26. axb3 Ra8 27. Bf4 Bxf4 28. Qxf4 Qxf4 29. Nxf4 Ra2 30. Nd3 Nd5 31. Re5 Rxc2 32. Rxd5 Rd2 33. Nxb4 c2 34. Rc5 Rd1 35. Nxc2 Rxe1+ 36. Nxe1 Re8 37. Kf2 1-0

[Event "November 21 Late 2023"]
[Site "https://www.chess.com"]
[Date "2023.11.21"]
[Round "9"]
[White "Banzea, Alexandru-Bogdan"]
[Black "Rangel, Daniel"]
[Result "1-0"]
[Board "55"]
[TimeControl "180+1"]
[WhiteFideId "1232622"]
[BlackFideId "2124475"]
[WhiteElo "2294"]
[BlackElo "2267"]
[WhiteTeam "ROU"]
[BlackTeam "BRA"]
[WhiteClock "0:01:32"]
[BlackClock "0:00:58"]

1. d4 Nf6 2. Bf4 e6 3. Nf3 b6 4. e3 Bb7 5. Bd3 c5 6. O-O d6 7. h3 Nbd7 8. c3 a6 9. Qe2 Be7 10. Bh2 O-O 11. e4 cxd4 12. cxd4 d5 13. e5 Ne4 14. Nbd2 f5 15. exf6 Ndxf6 16. Be5 Bd6 17. Bxf6 Nxf6 18. Qxe6+ Kh8 19. Ng5 Bf4 20. Nf7+ Rxf7 21. Qxf7 Bxd2 22. Qxb7 Bb4 23. Rac1 Rb8 24. Qf7 Bd6 25. Rc6 Ne4 26. Bxe4 dxe4 27. Rfc1 e3 28. fxe3 Bf8 29. Qe6 Qg5 30. Rc8 Rxc8 31. Rxc8 1-0

[Event "November 21 Late 2023"]
[Site "https://www.chess.com"]
[Date "2023.11.21"]
[Round "9"]
[White "De La Colina, Nicolas"]
[Black "Weisz, Bryan"]
[Result "1/2-1/2"]
[Board "56"]
[TimeControl "180+1"]
[WhiteFideId "30946921"]
[BlackFideId "30934133"]
[WhiteElo "2088"]
[BlackElo "2455"]
[WhiteTeam "USA"]
[BlackTeam "USA"]
[WhiteClock "0:00:16"]
[BlackClock "0:00:46"]

1. e4 d5 2. exd5 Nf6 3. Nf3 Nxd5 4. d4 g6 5. Be2 Bg7 6. O-O O-O 7. Re1 b6 8. c4 Nf6 9. Nc3 Bb7 10. Bf4 c5 11. dxc5 Nbd7 12. cxb6 axb6 13. Qc2 Nc5 14. Rad1 Qc8 15. b3 Nfe4 16. Be5 Bxe5 17. Nxe5 Qf5 18. Nf3 Nxc3 19. Qxc3 Rxa2 20. Qe3 e6 21. Nd4 Qe4 22. Bf3 Qxe3 23. Rxe3 Rd8 24. Ree1 Bxf3 25. gxf3 e5 26. Rxe5 Nxb3 27. Rd5 Rxd5 28. cxd5 Nxd4 29. Rxd4 Kf8 30. Rc4 Ke7 31. Rc7+ Kf6 32. Rc6+ Ke5 33. Rxb6 Ra7 34. d6 Rd7 35. Kg2 Ke6 36. Kg3 Rxd6 37. Rb7 Kf6 38. Kf4 Rd4+ 39. Kg3 h5 40. h4 Ra4 41. Rb6+ Kg7 42. Rb5 1/2-1/2

[Event "November 21 Late 2023"]
[Site "https://www.chess.com"]
[Date "2023.11.21"]
[Round "9"]
[White "Kovalevsky, Stanislav"]
[Black "Koksal, Ege"]
[Result "1-0"]
[Board "57"]
[TimeControl "180+1"]
[WhiteFideId "13508598"]
[BlackFideId "6317626"]
[WhiteElo "2092"]
[BlackElo "2230"]
[WhiteTeam "FID"]
[BlackTeam "TUR"]
[WhiteClock "0:00:14"]
[BlackClock "0:00:03"]

1. e4 e5 2. Nf3 Nc6 3. Bb5 Nge7 4. O-O g6 5. c3 a6 6. Ba4 Bg7 7. d4 exd4 8. cxd4 b5 9. Bb3 O-O 10. Nc3 d6 11. Bg5 h6 12. Be3 Bg4 13. Qd2 Bxf3 14. gxf3 Kh7 15. f4 Na5 16. Bc2 Nc4 17. Qc1 d5 18. e5 Qd7 19. Kh1 Nf5 20. b3 Na5 21. Qb1 c6 22. Bxf5 Qxf5 23. Qxf5 gxf5 24. Rac1 Nb7 25. Ne2 Rac8 26. Ng3 Kg6 27. Rg1 Bh8 28. h4 h5 29. Ne4+ Kh6 30. Ng3 Kg6 31. Ne2+ Kh6 32. Rg5 f6 33. Rxf5 Kg6 34. Ng3 Bg7 35. Rxh5 Nd8 36. f5+ Kf7 37. e6+ Ke8 38. Rh7 Rg8 39. Nh5 Bh8 40. Rg1 Kf8 41. e7+ Ke8 42. Rxg8+ 1-0

[Event "November 21 Late 2023"]
[Site "https://www.chess.com"]
[Date "2023.11.21"]
[Round "9"]
[White "Milchev, Nikolay"]
[Black "Joie, Sebastien"]
[Result "1-0"]
[Board "58"]
[TimeControl "180+1"]
[WhiteFideId "2906090"]
[BlackFideId "650420"]
[WhiteElo "2449"]
[BlackElo "2396"]
[WhiteTeam "ENG"]
[BlackTeam "FRA"]
[WhiteClock "0:01:24"]
[BlackClock "0:00:01"]

1. Nf3 d5 2. c4 e6 3. g3 Nf6 4. Bg2 Be7 5. O-O O-O 6. d4 c6 7. Nbd2 b6 8. Qc2 Bb7 9. e4 Na6 10. e5 Nd7 11. Rd1 Rc8 12. cxd5 Nb4 13. Qb3 Nxd5 14. Ne4 c5 15. dxc5 Nxc5 16. Nxc5 Bxc5 17. Bg5 Qc7 18. Rac1 Nb4 19. a3 Bd5 20. Qa4 Na2 21. Ra1 h6 22. Bf4 g5 23. Bd2 Qb7 24. Ne1 b5 25. Qg4 Bxg2 26. Nxg2 Rfd8 27. Rxa2 Qd5 28. Raa1 Qxe5 29. Bc3 Qf5 30. Qxf5 exf5 31. Ne3 f4 32. gxf4 gxf4 33. Nd5 Rd6 34. Ne7+ Kf8 35. Nxc8 Rg6+ 36. Kh1 f3 37. Rd8# 1-0

[Event "November 21 Late 2023"]
[Site "https://www.chess.com"]
[Date "2023.11.21"]
[Round "9"]
[White "Batsiashvili, Nino"]
[Black "Tikhonov, Viacheslav"]
[Result "1-0"]
[Board "59"]
[TimeControl "180+1"]
[WhiteFideId "13602993"]
[BlackFideId "44196407"]
[WhiteElo "2233"]
[BlackElo "2191"]
[WhiteTeam "GEO"]
[BlackTeam "RUS"]
[WhiteClock "0:00:33"]
[BlackClock "0:00:00"]

1. e4 c5 2. Nf3 g6 3. d4 cxd4 4. Nxd4 Nc6 5. Be3 Nf6 6. Nc3 Bg7 7. f3 O-O 8. g4 Nxd4 9. Bxd4 d6 10. h4 Qa5 11. Qd2 Bd7 12. h5 b5 13. hxg6 fxg6 14. Qh2 e5 15. Be3 Rac8 16. Bd3 Rxc3 17. bxc3 Qxc3+ 18. Ke2 h5 19. gxh5 Nxh5 20. Rag1 Rf6 21. Rg2 Kf7 22. Rhg1 Kf8 23. Rxg6 Rxg6 24. Rxg6 Nf6 25. Rxf6+ Bxf6 26. Qh7 Be6 27. Bh6+ Ke8 28. Qxa7 Kd8 29. Qb6+ Kc8 30. Qxd6 Bc4 31. Qc6+ Kb8 32. Qxf6 Qxc2+ 33. Kf1 Qxd3+ 34. Kg2 Qf1+ 35. Kg3 Qg1+ 36. Kh4 Qh2+ 37. Kg5 Qg3+ 38. Kh5 Qh3+ 39. Kg6 Qg3+ 40. Kh7 Be2 41. Qd8+ Kb7 42. Qd5+ Kb6 43. Bf8 Bxf3 44. Bc5+ 1-0

[Event "November 21 Late 2023"]
[Site "https://www.chess.com"]
[Date "2023.11.21"]
[Round "9"]
[White "Pinheiro, Iung Alicio de O."]
[Black "Bochnicka, Vladimir"]
[Result "1-0"]
[Board "60"]
[TimeControl "180+1"]
[WhiteFideId "2104350"]
[BlackFideId "14943450"]
[WhiteElo "2283"]
[BlackElo "2170"]
[WhiteTeam "BRA"]
[BlackTeam "SVK"]
[WhiteClock "0:00:53"]
[BlackClock "0:01:43"]

1. e4 e5 2. Nf3 Nc6 3. Nc3 Nf6 4. h3 Bb4 5. Nd5 Nxd5 6. exd5 e4 7. dxc6 e3 8. c3 exf2+ 9. Kxf2 Bd6 10. cxd7+ Bxd7 11. d4 O-O 12. Bd3 h6 13. Rf1 c6 14. Kg1 Qc8 15. Ne5 Be6 16. Qf3 Bd5 17. Be4 Be6 18. Qg3 Qc7 19. Bxh6 f6 20. Qg6 Bxe5 21. Qh7+ Kf7 22. Qxg7+ Ke8 23. dxe5 Qb6+ 24. Kh1 f5 25. Qxf8+ Kd7 1-0

[Event "November 21 Late 2023"]
[Site "https://www.chess.com"]
[Date "2023.11.21"]
[Round "9"]
[White "Jovic, Stanoje"]
[Black "Kostiukov, Alexandr"]
[Result "1-0"]
[Board "61"]
[TimeControl "180+1"]
[WhiteFideId "905020"]
[BlackFideId "14108100"]
[WhiteElo "2249"]
[BlackElo "2144"]
[WhiteTeam "SRB"]
[BlackTeam "UKR"]
[WhiteClock "0:00:40"]
[BlackClock "0:00:00"]

1. c4 c5 2. g3 Nf6 3. Bg2 g6 4. Nc3 Bg7 5. Nf3 O-O 6. O-O Nc6 7. d4 cxd4 8. Nxd4 Nxd4 9. Qxd4 d6 10. Bg5 Qa5 11. Qd2 Be6 12. b3 h6 13. Bf4 Qh5 14. f3 Rac8 15. g4 Qc5+ 16. Be3 Qa5 17. Rac1 Rfd8 18. h3 d5 19. Nxd5 Qxd2 20. Bxd2 Nxd5 21. cxd5 Bxd5 22. Be3 b6 23. Rfd1 e6 24. f4 Bxg2 25. Kxg2 Bf8 26. Rxd8 Rxd8 27. Rc7 Ra8 28. Kf3 Bd6 29. Rd7 Ba3 30. f5 exf5 31. gxf5 g5 32. Bd4 Kf8 33. e4 Ke8 34. Rb7 Rd8 35. Be3 Ra8 36. e5 Kf8 37. Ke4 Bb4 38. a4 Ke8 39. Bd4 Kf8 40. e6 fxe6 41. fxe6 Re8 42. Kf5 Re7 43. Rb8+ Re8 44. Bg7+ Ke7 45. Rb7+ Kd6 46. Rd7+ Kc6 47. Bxh6 1-0

[Event "November 21 Late 2023"]
[Site "https://www.chess.com"]
[Date "2023.11.21"]
[Round "9"]
[White "Sanchez Alvares, Kelvin Antonio"]
[Black "Arnold, Ken"]
[Result "0-1"]
[Board "62"]
[TimeControl "180+1"]
[WhiteFideId "3906680"]
[BlackFideId "2056836"]
[WhiteElo "2217"]
[BlackElo "2431"]
[WhiteTeam "VEN"]
[BlackTeam "USA"]
[WhiteClock "0:00:00"]
[BlackClock "0:00:11"]

1. e4 c6 2. d4 d5 3. exd5 cxd5 4. c4 Nf6 5. Nc3 Nc6 6. h3 e5 7. dxe5 Nxe5 8. cxd5 Bc5 9. Be2 O-O 10. Bg5 h6 11. Bxf6 Qxf6 12. Nf3 Nxf3+ 13. Bxf3 Re8+ 14. Kf1 Bf5 15. g4 Be4 16. Kg2 Rad8 17. Re1 Bg6 18. Qd2 h5 19. Rxe8+ Rxe8 20. Re1 Rxe1 21. Qxe1 hxg4 22. hxg4 Qf4 23. Qe8+ Kh7 24. Ne4 Bd4 25. d6 Be5 26. Ng3 Bxd6 27. Bxb7 Qxg4 28. Be4 Bxg3 29. Bxg6+ Qxg6 30. fxg3 Qc2+ 31. Kh3 Qf5+ 32. Kg2 Qc2+ 33. Kh3 Qf5+ 34. Kg2 Qd5+ 35. Kf2 Qxa2 36. Qe4+ g6 37. Qh4+ Kg8 0-1

[Event "November 21 Late 2023"]
[Site "https://www.chess.com"]
[Date "2023.11.21"]
[Round "9"]
[White "Khater, Sherif"]
[Black "Todorovic, Bojan"]
[Result "1-0"]
[Board "63"]
[TimeControl "180+1"]
[WhiteFideId "2034280"]
[BlackFideId "917087"]
[WhiteElo "2515"]
[BlackElo "2266"]
[WhiteTeam "USA"]
[BlackTeam "SRB"]
[WhiteClock "0:00:38"]
[BlackClock "0:00:03"]

1. d4 g6 2. e4 Bg7 3. Nf3 d6 4. Nc3 a6 5. a4 Nc6 6. Bc4 Nf6 7. h3 O-O 8. Be3 Nxe4 9. Nxe4 d5 10. Bd3 dxe4 11. Bxe4 Qd6 12. Qd2 f5 13. Bxc6 Qxc6 14. O-O Be6 15. Bh6 Bd5 16. Bxg7 Kxg7 17. Ne5 Qd6 18. Qf4 b5 19. Rfe1 e6 20. h4 h6 21. Ra3 Qb4 22. Rc3 c5 23. Rd1 c4 24. Rg3 Rf6 25. h5 Qxb2 26. Nxg6 Qxc2 27. Qc7+ Rf7 28. Ne5+ Kh8 29. Nxf7+ 1-0

[Event "November 21 Late 2023"]
[Site "https://www.chess.com"]
[Date "2023.11.21"]
[Round "9"]
[White "Della Morte, German"]
[Black "Skaric, Djuro"]
[Result "1-0"]
[Board "64"]
[TimeControl "180+1"]
[WhiteFideId "113522"]
[BlackFideId "934569"]
[WhiteElo "2306"]
[BlackElo "2282"]
[WhiteTeam "ARG"]
[BlackTeam "SRB"]
[WhiteClock "0:00:56"]
[BlackClock "0:00:45"]

1. e4 d6 2. Nc3 g6 3. g3 Bg7 4. Bg2 Nf6 5. d3 O-O 6. f4 Nc6 7. Nf3 e5 8. O-O Ng4 9. h3 Nh6 10. Be3 f5 11. Qd2 Nf7 12. Nd5 Be6 13. c4 Ne7 14. fxe5 dxe5 15. Bg5 Bxd5 16. cxd5 h6 17. Be3 Kh7 18. Rac1 Nd6 19. Qb4 a5 20. Qc3 fxe4 21. dxe4 Nxe4 22. Qxc7 Nxd5 23. Qxb7 Nxe3 24. Rc7 Rg8 25. Nxe5 Nd5 26. Rxg7+ Rxg7 27. Rf7 Qb6+ 28. Qxb6 Nxb6 29. Bxe4 Re8 30. Bxg6+ Kh8 31. Rxg7 Rxe5 32. Rh7+ Kg8 33. Rb7 Na4 34. Kf2 Nc5 35. Rc7 Na4 36. b3 Nb6 37. h4 Kf8 38. Rf7+ Kg8 39. Rb7 Nc8 40. Rb8 Rc5 41. Rb7 Nd6 42. Rb6 Nb5 43. Bd3 Nc3 44. a4 Kg7 45. Rg6+ Kf7 46. Rxh6 Re5 47. g4 Kg7 48. Rg6+ Kf8 49. Rg5 Re6 50. Rxa5 Rb6 51. Bc4 Rf6+ 52. Ke3 Nd1+ 53. Kd2 Nf2 54. Rf5 Nxg4 55. Rxf6+ 1-0

[Event "November 21 Late 2023"]
[Site "https://www.chess.com"]
[Date "2023.11.21"]
[Round "9"]
[White "Eggleston, Thomas A"]
[Black "Horak, Martin"]
[Result "0-1"]
[Board "65"]
[TimeControl "180+1"]
[WhiteFideId "412139"]
[BlackFideId "367095"]
[WhiteElo "2169"]
[BlackElo "2091"]
[WhiteTeam "ENG"]
[BlackTeam "CZE"]
[WhiteClock "0:00:11"]
[BlackClock "0:00:09"]

1. e4 c5 2. Nf3 Nc6 3. Bb5 Nf6 4. Bxc6 dxc6 5. d3 Bg4 6. O-O e5 7. h3 Bxf3 8. Qxf3 Nd7 9. a4 Bd6 10. Qg3 Qf6 11. Na3 O-O-O 12. Nc4 Be7 13. f4 exf4 14. Bxf4 Qg6 15. Qf3 f6 16. a5 Nf8 17. Qe3 Ne6 18. Bh2 Nd4 19. Rf2 Rd7 20. Raf1 Rhd8 21. e5 f5 22. c3 Ne6 23. Rxf5 Rxd3 24. Qe4 Rxh3 25. Nd6+ Kb8 26. a6 Rh4 27. Qf3 Ng5 28. Rxg5 Qxg5 29. axb7 Rxh2 30. Kxh2 Qxe5+ 31. Kg1 Bxd6 32. Qxc6 Qe3+ 33. Kh1 Qh6+ 34. Kg1 Bh2+ 35. Kh1 Bg3+ 36. Kg1 Qh2# 0-1